Selects Advanced Infantry Battlegroup
Selects Advanced Infantry Battlegroup
Selects Convert to Ranger Squad
Selects Frontline Medical Station
Frontline Medical Station
Selects Ranger Weapon Training
Selects Ammunition Storage
Construct Weapon Support Center
Improved M9 Bazooka Rockets
Selects M2A1 105mm Howitzer Emplacement
Selects 155mm Rapid Artillery Barrage
155mm Rapid Artillery Barrage
155mm Rapid Artillery Barrage